 Dungeon Crawl Stone Soup version 0.30-a0-322-g102857c98e (webtiles) character file.

Game seed: 17313361187413629242

487 koil the Shooter (level 6, -3/32 HPs)
             Began as a Spriggan Hunter on Oct 27, 2022.
             Slain by Duvessa
             ... wielding a +2 short sword of flaming
              (10 damage)
             ... on level 4 of the Dungeon.
             The game lasted 00:11:01 (3070 turns).

koil the Shooter (Spriggan Hunter)                  Turns: 3070, Time: 00:11:02

Health: -3/32      AC:  3    Str:  6 (7)  XL:     6   Next: 89%
Magic:  12/12      EV: 21    Int:  7 (10) God:
Gold:   229        SH:  0    Dex: 26 (27) Spells: 11/11 levels left

rFire   . . .      SeeInvis +    a - +0 shortbow
rCold   . . .      Faith    .    (shield currently unavailable)
rNeg    . . .      Spirit   .    c - +0 robe
rPois   .          Reflect  .    (helmet restricted)
rElec   .          Harm     .    o - +0 cloak
rCorr   .          Rampage  .    (gloves unavailable)
Will    +....                    (boots unavailable)
Stlth   ++++......               (no amulet)
HPRegen 0.25/turn                f - +6 ring of dexterity
MPRegen 0.13/turn                (no ring)

@: mighty, very quick
A: very small, no large weapons, unfitting armour, see invisible, speed 3
a: no special abilities


You were on level 4 of the Dungeon.
You visited 1 branch of the dungeon, and saw 4 of its levels.

You collected 229 gold pieces.

Inventory:

Hand Weapons
 a - a +0 shortbow (weapon)
 t - a +1 whip of pain
 y - the +1 short sword "Grom" {speed, Drain rPois rCorr Stlth+}
   (You took it off a goblin on level 3 of the Dungeon)

   Attacks with this weapon are significantly faster.
   rPois:     It protects you from poison.
   rCorr:     It protects you from acid and corrosion.
   Drain:     It drains your maximum health when unequipped.
   Stlth:     It makes you more stealthy.
Missiles
 A - 3 poisoned darts
Armour
 c - a +0 robe (worn)
 o - a +0 cloak (worn)
Magical Staves
 B - a staff of fire
Jewellery
 f - a +6 ring of dexterity (left hand)
Wands
 q - a wand of roots (8)
Scrolls
 b - 2 scrolls of immolation
 e - 4 scrolls of identify {unknown}
 j - 2 scrolls of noise {unknown}
 k - a scroll of torment {unknown}
 l - a scroll of brand weapon {unknown}
 p - 2 scrolls of magic mapping {unknown}
 s - 3 scrolls of enchant weapon {unknown}
 v - a scroll of summoning {unknown}
 w - a scroll of fog {unknown}
 x - 2 scrolls of teleportation {unknown}
Potions
 d - a potion of degeneration
 g - a potion of flight {unknown}
 h - a potion of might
 i - a potion of mutation {unknown}
 m - 3 potions of heal wounds {unknown}
 n - 3 potions of magic {unknown}
 r - a potion of brilliance {unknown}
 u - a potion of cancellation {unknown}


   Skills:
 + Level 3.0 Fighting
 + Level 5.0 Ranged Weapons
 + Level 4.7 Dodging
 + Level 4.8 Stealth
 + Level 3.4 Spellcasting
 + Level 1.6 Necromancy


You had 11 spell levels left.
You didn't know any spells.
Your spell library was empty.

Dungeon Overview and Level Annotations

Branches:
Dungeon (4/15)             Temple (0/1) D:4

Altars:
Hepliaklqana
Wu Jian

Shops:
D:1 !

Annotations:
D:4 Duvessa


Innate Abilities, Weirdness & Mutations

You are very small and have problems with some larger weapons.
You are too small for most types of armour.
You have supernaturally acute eyesight. (SInv)
You cover ground extremely quickly. (Speed+++)


Message History

Press: ? - help, Shift-Dir - straight line, f/p - Duvessa
Aim: Duvessa, wielding a +2 short sword of flaming, wearing a +0 leather armour and carrying a wand of flame (27) (heavily wounded, berserk, 69% to hit)
You throw a poisoned dart. The poisoned dart hits Duvessa.
Duvessa is poisoned.
Duvessa is heavily wounded.
Duvessa misses you.
Duvessa looks more healthy.
Fire: a) +0 shortbow
Press: ? - help, Shift-Dir - straight line, f/p - Duvessa
Aim: Duvessa, wielding a +2 short sword of flaming, wearing a +0 leather armour and carrying a wand of flame (27) (severely wounded, berserk, 71% to hit)
Okay, then.
Unknown command.
Throw: 5 darts (poison)
Press: ? - help, Shift-Dir - straight line, f/p - Duvessa
Aim: Duvessa, wielding a +2 short sword of flaming, wearing a +0 leather armour and carrying a wand of flame (27) (severely wounded, berserk, 69% to hit)
You throw a poisoned dart.
The poisoned dart closely misses Duvessa.
Duvessa hits you with a +2 short sword of flaming!
Duvessa burns you.
Duvessa rages.
Duvessa rages.
Throw: 4 darts (poison)
Press: ? - help, Shift-Dir - straight line, f/p - Duvessa
Aim: Duvessa, wielding a +2 short sword of flaming, wearing a +0 leather armour and carrying a wand of flame (27) (severely wounded, berserk, 69% to hit)
You throw a poisoned dart.
The poisoned dart barely misses Duvessa.
You hear the quick rusting of a very distant drain.
Duvessa hits you but does no damage.
Duvessa hits you with a +2 short sword of flaming.
Duvessa burns you.
It was a potion of might.
You feel very mighty all of a sudden.
Duvessa hits you with a +2 short sword of flaming.
* * * LOW HITPOINT WARNING * * *
Duvessa burns you.
* * * LOW HITPOINT WARNING * * *
It was a potion of degeneration.
There was something very wrong with that liquid.
You feel weakened.
You feel dopey.
You feel clumsy.
Duvessa hits you with a +2 short sword of flaming!
You die...

##..###..#####.......... ##.#
#..# #(######... #.# #..# #.#
# #.###..# #.# ## #(#....#
#.# .# #.#.#.## #.# .#
#.#.#.# #.# .# #.....# ##e##
.# #...### #@..# .##
#....########## #.##
##..##...°...........○.#
##.####..##.........○○....°.#
##......##...○.°...........#
##.##.....#..○.......°...°..#
#.###.....#..........°....°.#
..........#................°#
#####.....8.................#


You could see Duvessa (berserk).

Vanquished Creatures
  Eustachio (D:4)
  An ogre (D:4)
  A scorpion (D:4)
  Dowan (D:4)
  2 orc priests (D:4)
  4 adders
  5 worms
  2 dart slugs
  An orc (D:4)
  6 bats
  7 endoplasms
  3 giant cockroaches
  4 goblins
  3 hobgoblins
  10 kobolds
  3 quokkas
  7 ball pythons
  3 frilled lizards
  5 rats
69 creatures vanquished.

Notes
Turn   | Place    | Note
-------+----------+-------------------------------------------
     0 | D:1      | koil the Spriggan Hunter began the quest for the Orb.
     0 | D:1      | Reached XP level 1. HP: 10/10 MP: 2/2
   447 | D:1      | Reached XP level 2. HP: 15/15 MP: 3/3
   519 | D:1      | Found Gonicoan's Distillery.
   752 | D:1      | Reached skill level 1 in Spellcasting
  1146 | D:2      | Reached XP level 3. HP: 15/18 MP: 5/5
  1209 | D:2      | Found a faded altar of an unknown god.
  1347 | D:2      | Reached XP level 4. HP: 23/23 MP: 7/7
  1887 | D:3      | Found an ornate altar of the Wu Jian Council.
  1908 | D:3      | Identified the +1 short sword "Grom" {speed, Drain rPois
                  | rCorr Stlth+}
  2150 | D:3      | Found a hazy altar of Hepliaklqana.
  2528 | D:4      | Found a staircase to the Ecumenical Temple.
  2547 | D:4      | Noticed a scorpion
  2576 | D:4      | Killed a scorpion
  2577 | D:4      | Reached XP level 5. HP: 22/27 MP: 9/9
  2667 | D:4      | Noticed an ogre
  2670 | D:4      | Killed an ogre
  2671 | D:4      | Reached skill level 1 in Necromancy
  2777 | D:4      | Reached XP level 6. HP: 32/32 MP: 11/11
  2832 | D:4      | Noticed Dowan
  2836 | D:4      | Killed Dowan
  2867 | D:4      | Noticed Eustachio
  2868 | D:4      | Noticed Duvessa
  2898 | D:4      | Killed Eustachio
  2899 | D:4      | Reached skill level 5 in Ranged Weapons
  3070 | D:4      | Slain by Duvessa

Illustrated notes

Levels and vault maps discovered:
D:1:      minmay_arrival_plants_in_alcoves, layout_loops_corners, serial_shops,
          shop
D:2:      layout_rooms, hellmonk_ecumenical_altar_lost_god, minmay_puff
D:3:      layout_loops_ring, nzn_wu_jian_council_hall,
          lemuel_coloured_pillars_altar, kennysheep_nondescript
D:4:      layout_loops_ring, lemuel_temple_firewalk_a, gup_sewer_entry_spiral,
          minivault_25, uniq_eustachio, uniq_duvessa, uniq_ijyb

Skill      XL: |  1  2  3  4  5  6 |
---------------+-------------------+-----
Stealth        | 2 3 4 |  4.8
Dodging        | 3 4 |  4.7
Spellcasting   | 1 2 3 |  3.4
Fighting       | 2 3 |  3.0
Necromancy     | 1 |  1.6
Ranged Weapons | 5 |  5.0

Action                   |  1- 3 |  4- 6 || total
-------------------------+-------+-------++-------
 Fire: Shortbow          |   108 |    84 ||   192
Throw: Dart              |       |    13 ||    13
Evoke: Wand              |       |     1 ||     1
  Use: Potion            |       |     2 ||     2
Armor: Robe              |     3 |     2 ||     5
Dodge: Dodged            |    34 |    19 ||    53

Table legend: (Time is in decaauts)
 A = Elapsed time spent in this place.
 B = Non-inter-level travel time spent in this place.
 C = Inter-level travel time spent in this place.
 D = Time resting spent in this place.
 E = Time spent auto-exploring this place.
 F = Levels seen in this place.
 G = Mean time per level.
                   A        B        C        D        E       F      G
               +--------+--------+--------+--------+--------+-----+--------+
         Total |   2110 |   2083 |     27 |     46 |   1480 |   4 |  527.5 |
       Dungeon |   2110 |   2083 |     27 |     46 |   1480 |   4 |  527.5 |
               +--------+--------+--------+--------+--------+-----+--------+

Top non-repeatable levels by time:
     D:1: 612 daAuts
     D:2: 584 daAuts
     D:3: 456 daAuts
     D:4: 456 daAuts
